 Dungeon Crawl Stone Soup version 0.30.0-19-g36f170ea60 (webtiles) character file.

Game seed: 15435844375088935697

25383 Diggabert the Slicer (level 13, 0/68 HPs)
             Began as a Vine Stalker Fighter on May 28, 2023.
             Was a High Priest of Uskayaw.
             Slain by Snorg (5 damage)
             ... on level 3 of the Lair of Beasts.
             The game lasted 00:40:33 (10830 turns).

Diggabert the Slicer (Vine Stalker Fighter)        Turns: 10830, Time: 00:40:34

Health: 0/68       AC: 18    Str: 22    XL:     13   Next: 19%
Magic:  0/18       EV:  8    Int:  8    God:    Uskayaw [*****.]
Gold:   871        SH: 11    Dex: 16    Spells: 12/12 levels left

rFire   . . .        Q - +7 rapier "Vine Stalker's Regret" {freeze, Stlth+}
rCold   . . .        J - +0 kite shield
rNeg    . . .        q - +0 plate armour
rPois   +            p - +2 helmet
rElec   .            a - scarf {repulsion}
rCorr   .            (no gloves)
SInv    .            g - +0 pair of boots
Will    ++...        (no amulet) Stlth
                     T - ring of poison resistance
HPRegen 1.11/turn    H - ring of willpower
MPRegen 0.16/turn

%: repel missiles, guardian spirit
@: mighty
A: fangs 3, regeneration 1, magic shield, antimagic bite, no potion heal 2
a: Renounce Religion, Stomp, Line Pass, Grand Finale


You were on level 3 of the Lair of Beasts.
You worshipped Uskayaw.
Uskayaw was noncommittal.
You visited 3 branches of the dungeon, and saw 15 of its levels.
You also visited: Sewer.

You collected 871 gold pieces.

Inventory:

Hand Weapons
 j - a +0 dagger of electrocution
 n - a +4 dagger
 D - a +3 rapier of venom
 I - a +4 spear of freezing
 Q - the +7 rapier "Vine Stalker's Regret" (weapon) {freeze, Stlth+}
   (You found it on level 7 of the Dungeon)

   Stlth:     It makes you more stealthy.
Missiles
 w - 6 javelins (quivered)
 L - 13 poisoned darts
 W - 4 boomerangs of dispersal
Armour
 a - a scarf of repulsion (worn)
 c - a +0 cloak
 g - a +0 pair of boots (worn)
 p - a +2 helmet (worn)
 q - a +0 plate armour (worn)
 J - a +0 kite shield (worn)
 U - a +0 hat of willpower
 V - the +1 hat "Luugiuk" {rCorr Str+3}
   (You found it on level 9 of the Dungeon)

   Str:       It affects your strength (+3).
   rCorr:     It protects you from acid and corrosion.
Jewellery
 v - a ring of protection from cold
 H - a ring of willpower (right hand)
 K - the ring of the Glowing Jester {Fly rN+}
   (You found it on level 5 of the Dungeon)

   [ring of positive energy]

   rN:        It protects you from negative energy.
   Fly:       It grants you flight.
 O - a ring of protection from fire
 P - a ring of protection from fire
 T - a ring of poison resistance (left hand)
 Y - a ring of positive energy
Wands
 S - a wand of digging (4)
Scrolls
 b - 2 scrolls of noise
 i - a scroll of enchant armour
 m - 2 scrolls of vulnerability {unknown}
 o - a scroll of magic mapping
 r - a scroll of torment
 t - 4 scrolls of poison
 x - 2 scrolls of enchant weapon
 y - 3 scrolls of teleportation
 A - 2 scrolls of blinking {unknown}
 G - 2 scrolls of fog
 M - a scroll of immolation
 R - a scroll of butterflies
 Z - a scroll of silence
Potions
 d - 3 potions of might
 e - 3 potions of cancellation
 f - 3 potions of resistance
 k - 7 potions of curing
 l - a potion of berserk rage
 s - a potion of brilliance
 u - 2 potions of attraction
 z - 8 potions of flight
 B - 4 potions of magic
 C - 2 potions of mutation
 E - 3 potions of invisibility
 F - 2 potions of lignification
 X - 2 potions of ambrosia
Miscellaneous
 N - a phantom mirror


   Skills:
 * Level 8.1 Fighting
 * Level 10.9 Short Blades
 * Level 8.8 Armour
 * Level 5.7 Dodging
 * Level 9.6 Shields
 * Level 6.1 Invocations


You had 12 spell levels left.
You didn't know any spells.
Your spell library contained the following spells:

 Spells                   Type           Power      Damage    Failure   Level
 Beastly Appendage        Tmut           0%         N/A       100%        1
 Freeze                   Ice            0%         1d3       100%        1
 Kiss of Death            Conj/Necr      0%         2d5       100%        1
 Magic Dart               Conj           0%         1d3       100%        1
 Call Imp                 Summ           0%         N/A       100%        2
 Poisonous Vapours        Pois/Air       0%         N/A       100%        2
 Wereblood                Tmut           0%         N/A       100%        2
 Confusing Touch          Hex            0%         N/A       100%        3
 Frozen Ramparts          Ice            0%         1d1       100%        3
 Gell's Gravitas          Tloc           0%         N/A       100%        3
 Hailstorm                Conj/Ice       0%         3d3       100%        3
 Inner Flame              Hex/Fire       0%         N/A       100%        3
 Mephitic Cloud           Conj/Pois/Air  0%         N/A       100%        3
 Spider Form              Tmut/Pois      0%         N/A       100%        3
 Teleport Other           Tloc           0%         N/A       100%        3
 Tukima's Dance           Hex            0%         N/A       100%        3
 Dispel Undead            Necr           0%         3d6       100%        4
 Ice Form                 Ice/Tmut       0%         N/A       100%        4
 Passage of Golubria      Tloc           0%         N/A       100%        4
 Summon Ice Beast         Ice/Summ       0%         N/A       100%        4
 Freezing Cloud           Conj/Ice/Air   0%         6-21      100%        5
 Yara's Violent Unravell  Hex/Tmut       0%         3d3       100%        5
 Dispersal                Tloc           0%         N/A       100%        6
 Enfeeble                 Hex            0%         N/A       100%        7


Dungeon Overview and Level Annotations

Branches:
Dungeon (11/15)            Temple (1/1) D:6            Lair (3/5) D:10
 Shoals (0/4) Lair:3       Spider (0/4) Lair:3          Orc (0/2) D:9
  Sewer (visited)

Altars:
Ashenzari
Cheibriados
Dithmenos
Elyvilon
Fedhas
Gozag
Hepliaklqana
Kikubaaqudgha
Makhleb
Nemelex Xobeh
Okawaru
Qazlal
Ru
Sif Muna
Trog
Uskayaw
Vehumet
Wu Jian
Xom
Yredelemnul
Zin
The Shining One

Shops:
D:1 (   D:5 *   D:8 *

Annotations:
Lair:3 Snorg


Innate Abilities, Weirdness & Mutations

You have razor-sharp teeth.
Your natural rate of healing is unusually fast.
When hurt, damage is shared between your health and your magic reserves.
Your bite disrupts and absorbs the magic of your enemies.
Potions cannot restore your health.


Message History

Things that are here:
a +0 spear; a merfolk corpse You puncture Snorg!
You freeze Snorg.
Snorg is lightly wounded.
You block Snorg's attack. x2; Snorg closely misses you.
You hit Snorg. You freeze Snorg.
Snorg is lightly wounded.
Snorg bites you. You block Snorg's attack. Snorg closely misses you.
You barely miss Snorg.
Snorg is lightly wounded.
Snorg bites you! Snorg barely misses you. Snorg claws you but does no damage.
You puncture Snorg! You freeze Snorg. Your bite misses Snorg.
Snorg is lightly wounded.
Snorg bites you but does no damage. Snorg claws you. Snorg claws you!
You can now merge with and destroy a victim.
You barely miss Snorg. Your bite misses Snorg.
Snorg is lightly wounded.
Snorg barely misses you. Snorg claws you but does no damage.
You block Snorg's attack.
You completely miss Snorg.
Snorg is lightly wounded.
You block Snorg's attack. Snorg claws you! x2
You impale Snorg!! You freeze Snorg! Your bite misses Snorg.
Snorg is moderately wounded.
Snorg barely misses you. Snorg claws you but does no damage.
You block Snorg's attack.
You barely miss Snorg.
Snorg is moderately wounded.
Snorg bites you!
* * * LOW HITPOINT WARNING * * *
You block Snorg's attack. Snorg claws you but does no damage.
Unknown command.
Throw: throwing net
Press: ? - help, Q - select action, (/) - cycle Shift-Dir - straight line, f - Snorg
Aim: Snorg (moderately wounded, berserk, 64% to hit)
You throw a throwing net. The throwing net barely misses Snorg.
You block Snorg's attack. x2; Snorg claws you!
* * * LOW HITPOINT WARNING * * *
You block Snorg's attack. Snorg claws you.
You die...

#.#.....................#
####...........†<..>..###
##.......#......#.##
##.###.####...#### ###
### ##.## ##.## #..)#
###.(# #.)@## ##.T#
#.~)(.# #~~~.#### ~~~~...
#>#..## ...## ###


You could see Snorg (berserk).

Vanquished Creatures
  A hydra (Lair:3)
  3 boulder beetles
  2 two-headed ogres
  A tengu warrior (D:10)
  A skyshark (Lair:2)
  2 deep elf zephyrmancers (D:9)
  An orc knight (D:11)
  3 elephants (Lair:1)
  A manticore (D:11)
  A black mamba (Lair:2)
  3 merfolk sirens (Lair:3)
  2 cane toads
  An unseen horror zombie (D:7)
  A komodo dragon (Lair:3)
  2 trolls
  A merfolk (Lair:3)
  The ghost of Runnerthe2 the Slasher, an amateur DsGl (D:5)
  3 blink frogs (Lair:2)
  4 wyverns
  A wraith (D:10)
  Grum (D:8)
  A basilisk (D:11)
  2 steam dragons
  37 yaks
  A warg (D:9)
  An acid dragon (D:8)
  5 water moccasins
  A swamp drake (D:9)
  An ice beast (D:6)
  A black bear (D:6)
  13 orc warriors
  A sky beast (D:7)
  2 ogres
  5 wolves
  3 centaurs
  A phantom (D:5)
  Blork the orc (D:9)
  A kobold brigand (D:5)
  8 bullfrogs
  A gnoll sergeant (D:5)
  6 scorpions
  11 wights
  A water moccasin zombie (D:7)
  23 killer bees
  A howler monkey (D:7)
  3 centaur zombies (D:7)
  A lava snake (D:10)
  A crimson imp (D:9)
  4 hounds
  11 orc priests
  2 jellies
  An iron imp (D:9)
  Jessica (D:2)
  2 iguanas
  Natasha (thrice) (D:2)
  20 orc wizards
  2 killer bee zombies (D:7)
  A howler monkey zombie (D:7)
  Robin (D:2)
  7 adders
  4 gnolls (D:5)
  6 river rats
  2 shadow imps
  3 white imps
  An ufetubus (D:7)
  3 worms
  3 dart slugs
  56 orcs
  14 ball pythons
  16 bats
  6 endoplasms
  7 giant cockroaches
  18 goblins
  9 hobgoblins
  3 jackals (Sewer)
  6 kobolds
  12 quokkas
  3 frilled lizards
  7 rats
403 creatures vanquished.

Notes
Turn   | Place    | Note
-------+----------+-------------------------------------------
     0 | D:1      | Diggabert the Vine Stalker Fighter began the quest for the
                  | Orb.
     0 | D:1      | Reached XP level 1. HP: 11/11 MP: 2/2
   183 | D:1      | Reached XP level 2. HP: 16/16 MP: 3/3
   215 | D:1      | Reached skill level 2 in Short Blades
   515 | D:1      | Found Reg Duta's Antique Weapon Emporium.
   688 | D:2      | Reached XP level 3. HP: 19/19 MP: 4/4
   780 | D:2      | Noticed Natasha
   783 | D:2      | Killed Natasha
   784 | D:2      | Gained mutation: Your natural rate of healing is unusually
                  | fast. [Vine Stalker growth]
   784 | D:2      | Reached XP level 4. HP: 16/24 MP: 3/5
   812 | D:2      | Noticed Natasha
   825 | D:2      | Killed Natasha
   875 | D:2      | Noticed Jessica
   876 | D:2      | Noticed Natasha
   878 | D:2      | Killed Jessica
   879 | D:2      | Reached skill level 1 in Dodging
   879 | D:2      | Reached XP level 5. HP: 23/28 MP: 4/6
   888 | D:2      | Killed Natasha
   906 | D:2      | Reached skill level 3 in Short Blades
   963 | D:2      | Noticed Robin
   967 | D:2      | Killed Robin
  1059 | D:2      | Found a bloodstained altar of Trog.
  1101 | D:2      | Found a faded altar of an unknown god.
  1798 | D:4      | Reached XP level 6. HP: 24/32 MP: 3/7
  1924 | D:4      | Found a glowing drain.
  1928 | Sewer    | Entered a sewer
  2281 | Sewer    | Reached XP level 7. HP: 34/37 MP: 8/8
  3076 | D:5      | Entered Level 5 of the Dungeon
  3115 | D:5      | Reached skill level 4 in Short Blades
  3164 | D:5      | Found Zubichuq's Assorted Antiques.
  3252 | D:5      | Gained mutation: You have razor-sharp teeth. [Vine Stalker
                  | growth]
  3252 | D:5      | Reached XP level 8. HP: 42/42 MP: 9/9
  3308 | D:5      | Found a runed translucent door.
  3473 | D:5      | Identified the ring of the Glowing Jester {Fly rN+}
  3578 | D:5      | Noticed Runnerthe2's ghost (amateur DsGl)
  3589 | D:5      | Killed Runnerthe2's ghost
  3590 | D:5      | Reached skill level 5 in Short Blades
  3639 | D:6      | Reached skill level 5 in Armour
  3916 | D:6      | Reached skill level 5 in Shields
  3963 | D:6      | Reached XP level 9. HP: 46/46 MP: 10/10
  4128 | D:6      | Found a staircase to the Ecumenical Temple.
  4136 | Temple   | Entered the Ecumenical Temple
  4160 | Temple   | Became a worshipper of Uskayaw the Reveller
  4227 | D:6      | Reached * piety under Uskayaw
  4228 | D:6      | Reached skill level 6 in Short Blades
  4652 | D:6      | Reached ** piety under Uskayaw
  4718 | D:6      | Reached *** piety under Uskayaw
  4809 | D:7      | Reached skill level 1 in Invocations
  4809 | D:7      | Reached **** piety under Uskayaw
  4818 | D:7      | Reached ***** piety under Uskayaw
  4819 | D:7      | Reached skill level 5 in Fighting
  4914 | D:7      | Found a hazy altar of Hepliaklqana.
  4966 | D:7      | Identified the +7 rapier "Vine Stalker's Regret" {freeze,
                  | Stlth+}
  5110 | D:7      | HP: 2/47 [poisoned by an orc wizard]
  5178 | D:7      | Reached XP level 10. HP: 51/51 MP: 12/12
  5284 | D:8      | Reached skill level 7 in Short Blades
  5285 | D:8      | Noticed Grum
  5372 | D:8      | Killed Grum
  5574 | D:8      | Found a bloodstained altar of Trog.
  5577 | D:8      | Found a broken altar of Ashenzari.
  5682 | D:8      | Found Hankowk's Assorted Antiques.
  6401 | D:9      | Reached XP level 11. HP: 55/56 MP: 14/14
  6461 | D:9      | Noticed Blork the orc
  6470 | D:9      | Reached skill level 8 in Short Blades
  6476 | D:9      | Killed Blork the orc
  6512 | D:9      | Noticed a deep elf zephyrmancer
  6517 | D:9      | Identified the +1 hat "Luugiuk" {rCorr Str+3}
  6526 | D:9      | Killed a deep elf zephyrmancer
  6529 | D:9      | Noticed a deep elf zephyrmancer
  6532 | D:9      | Killed a deep elf zephyrmancer
  6766 | D:9      | Identified the +2 leather armour of the Pleiades {Rampage
                  | rElec Dex-5 Slay+5}
  6868 | D:9      | Found a staircase to the Orcish Mines.
  7417 | D:10     | Entered Level 10 of the Dungeon
  7660 | D:10     | Noticed a two-headed ogre
  7666 | D:10     | Killed a two-headed ogre
  7667 | D:10     | Reached skill level 9 in Short Blades
  7919 | D:10     | Found a staircase to the Lair.
  7998 | D:10     | Noticed a tengu warrior
  8010 | D:10     | Killed a tengu warrior
  8350 | D:11     | Reached ****** piety under Uskayaw
  8369 | D:11     | Reached XP level 12. HP: 59/62 MP: 16/16
  8462 | D:11     | Reached skill level 5 in Dodging
  8462 | D:11     | Reached skill level 5 in Invocations
  8770 | D:11     | Noticed a two-headed ogre
  8773 | D:11     | Noticed a boulder beetle
  8779 | D:11     | Killed a two-headed ogre
  8802 | D:11     | Killed a boulder beetle
  8898 | D:11     | Noticed a boulder beetle
  8945 | D:11     | Killed a boulder beetle
  9115 | Lair:1   | Entered Level 1 of the Lair of Beasts
  9247 | Lair:1   | Reached skill level 10 in Short Blades
 10565 | Lair:3   | Found a hole to the Spider Nest.
 10600 | Lair:3   | Noticed a skyshark
 10606 | Lair:3   | Noticed a six-headed hydra
 10627 | Lair:2   | Killed a skyshark
 10628 | Lair:2   | Reached XP level 13. HP: 10/68 MP: 12/18
 10792 | Lair:3   | Found a staircase to the Shoals.
 10797 | Lair:3   | Noticed Snorg
 10830 | Lair:3   | Slain by Snorg

Illustrated notes

Levels and vault maps discovered:
D:1:      wander_arrival_fairy_ring, layout_basic, serial_shops, shop
D:2:      layout_rooms, shapermc_ecumenical_altar_acropolis, basic_altar,
          uniq_natasha, uniq_robin, uniq_jessica
D:3:      layout_basic, guppyfry_early_lair_pool
D:4:      layout_loops_ring, gup_sewer_entry_bowl
D:5:      layout_rooms, ebering_ghost_reflecting_pool, minmay_shop_grid_forest
D:6:      layout_basic, minmay_temple_entry_glassed_door
D:7:      layout_rooms, mainiacjoe_overflow_alcove_2, serial_undead,
          serial_undead_a, serial_undead_b, serial_undead_b, serial_undead_e,
          serial_undead_b, serial_undead_f, minmay_checkerbox
D:8:      layout_basic, nicolae_overflow_hidden_temple, serial_shops,
          nicolae_take_the_stairs, uniq_grum
D:9:      layout_layer_cave, erik_orc_4, hangedman_minor_magic
D:10:     layout_irregular_city, dpeg_oklobed_lair, kennysheep_diamond,
          minmay_microvault
D:11:     layout_basic
Temple:   hellmonk_temple_of_storms
Lair:1:   layout_concentric_octagons
Lair:2:   layout_layer_cave
Lair:3:   layout_concentric_octagons, elwin_shoals_entry_stream,
          nicolae_spider_entry_non_spiders, uniq_snorg, uniq_josephine,
          uniq_nergalle

Skill      XL: |  1  2  3  4  5  6  7  8  9 10 11 12 13 |
---------------+----------------------------------------+-----
Short Blades   | 2 3 4 5 6 7 9 10 | 10.9
Shields        | 3 4 5 6 7 8 9 |  9.6
Fighting       | 3 4 5 6 7 8 |  8.1
Armour         | 3 4 5 6 7 8 |  8.8
Dodging        | 1 2 3 4 5 |  5.7
Invocations    | 2 3 4 5 6 |  6.1

Action                     |  1- 3 |  4- 6 |  7- 9 | 10-12 | 13-15 || total
---------------------------+-------+-------+-------+-------+-------++-------
  Melee: Rapier            |    25 |       |   280 |   690 |    56 ||  1051
         Bite              |    12 |    54 |   124 |   236 |    21 ||   447
         Dagger            |    45 |   269 |    55 |       |       ||   369
  Throw: Javelin           |       |       |     2 |     3 |       ||     5
         Dart              |       |       |       |     4 |       ||     4
         Throwing net      |       |       |       |       |     1 ||     1
 Invoke: Stomp             |       |       |       |     2 |       ||     2
    Use: Scroll            |       |     4 |     6 |    13 |     1 ||    24
         Potion            |       |       |     1 |     2 |     1 ||     4
   Stab: Paralysed         |       |       |     7 |    48 |     4 ||    59
 Armour: Scale mail        |    37 |    17 |       |       |       ||    54
         Plate armour      |       |   134 |   274 |   342 |    17 ||   767
  Dodge: Dodged            |    31 |    73 |    97 |   194 |    15 ||   410
  Block: Buckler           |    17 |    54 |    18 |       |       ||    89
         Kite shield       |       |       |   194 |   395 |    30 ||   619
